AoeStats
← FYI Inc

Enclosed

506519386Analyzed
1v1 RM · 20d ago on Sep 13, 2026· 52m 1s· 2 players
Game mode
Random Map
Map size
Tiny (2 player)
Population
200
Speed
Normal
Resources
Standard
Victory
Conquest
Starting age
Dark Age
Ending age
Imperial Age
RankedLock teamsTeams togetherTeam positionsShared explorationLock speedFull tech treeHidden civsTurbo modeCheats
Victory
Defeat
🇦🇷 Georgians · Argentina
2412
+13
🇺🇸 Bengalis · United States
2356
-13
FYI Inc
6:26 Loom
9:00 Feudal Age
9:31 Double-Bit Axe
9:11 Man-at-Arms
12:32 Town Watch
15:41 Wheelbarrow
19:30 Castle Age
17:25 Horse Collar
18:30 Fletching
18:46 Padded Archer Armor
20:29 Bow Saw
19:41 Elite Skirmisher
21:51 Bodkin Arrow
25:02 Ballistics
27:40 Scale Mail Armor
27:44 Husbandry
28:30 Heavy Plow
28:22 Gold Mining
30:13 Gold Shaft Mining
30:14 Hand Cart
30:40 Leather Archer Armor
32:11 Stone Mining
35:27 Imperial Age
33:13 Heavy Plow
33:25 Bloodlines
34:24 Scale Barding Armor
34:29 Forging
36:24 Chain Barding Armor
35:34 Elite Battle Elephant
36:50 Conscription
37:42 Plate Barding Armor
38:04 Conscription
37:25 Light Cavalry
39:02 Iron Casting
38:42 Paiks
46:05 Bracer
47:43 Chemistry
48:18 Ring Archer Armor
STAND-BY
7:57 Feudal Age
8:37 Double-Bit Axe
9:10 Double-Bit Axe
10:22 Horse Collar
13:48 Loom
19:07 Castle Age
18:00 Fletching
20:13 Bow Saw
21:24 Wheelbarrow
20:35 Town Watch
20:52 Husbandry
22:01 Gold Mining
23:25 Bloodlines
23:21 Scale Barding Armor
23:04 Light Cavalry
26:17 Chain Barding Armor
29:36 Town Patrol
30:13 Hand Cart
32:49 Imperial Age
29:55 Elite Skirmisher
30:37 Bodkin Arrow
31:30 Padded Archer Armor
32:18 Stone Mining
33:51 Ballistics
34:17 Bracer
34:33 Leather Archer Armor
37:05 Chemistry
37:06 Plate Barding Armor
36:42 Forging
36:13 Pikeman
36:55 Scale Mail Armor
37:30 Guard Tower
37:25 Arrowslits
37:21 Treadmill Crane
37:35 Guard Tower
37:30 Arrowslits
38:07 Conscription
37:55 Svan Towers
38:41 Block Printing
38:59 Masonry
38:25 Pikeman
39:06 Squires
39:22 Chain Mail Armor
39:17 Forging
39:46 Murder Holes
39:46 Halberdier
42:39 Plate Mail Armor
43:08 Keep
43:44 Architecture
46:29 Hoardings
47:15 Plate Mail Armor
47:21 Iron Casting
47:22 Plate Barding Armor
46:39 Arson
49:16 Heavy Plow
49:53 Stone Shaft Mining
49:33 Sappers
49:46 Man-at-Arms
50:11 Gambesons
51:28 Blast Furnace
51:00 Guilds
50:25 Long Swordsman
Connection lost

Rejoining the realm…

Still unreachable

The connection could not be restored.

Session expired

The server has moved on; the page needs a fresh start.